 Dungeon Crawl Stone Soup version 0.20-b1-2-gc5a9893 (webtiles) character file.

599 manyhoops the Covert (level 7, -12/32 HPs)
             Began as a Vine Stalker Enchanter on May 21, 2017.
             Killed by divine providence
             ... invoked by an orc priest
              (14 damage)
             ... on level 5 of the Dungeon.
             The game lasted 00:09:27 (4427 turns).

manyhoops the Covert (Vine Stalker Enchanter)       Turns: 4427, Time: 00:09:28

Health: -12/32     AC:  3    Str: 11    XL:     7   Next: 41%
Magic:  0/11       EV: 12    Int: 16    God:
Gold:   251        SH:  0    Dex: 15    Spells: 1/10 levels left

rFire    . . .     SeeInvis .   a - +2 dagger
rCold    . . .     Gourm    .   (no shield)
rNeg     . . .     Faith    .   b - +0 robe
rPois    .         Spirit   +   m - +0 helmet
rElec    .         Reflect  .   (no cloak)
rCorr    .         Harm     .   (no gloves)
MR       .....                  (no boots)
Stlth    ++++......             (no amulet)
Regen    0.5/turn               (no ring)
MPRegen  0.2/turn               (no ring)

@: no status effects
A: fangs 2, regeneration 1, magic shield, antimagic bite, no potion heal 3, rot
immunity
a: no special abilities


You were on level 5 of the Dungeon.
You were hungry.

You visited 1 branch of the dungeon, and saw 5 of its levels.

You collected 251 gold pieces.

Inventory:

Hand Weapons
 a - a +2 dagger (weapon)
Armour
 b - a +0 robe (worn)
 m - a +0 helmet (worn)
Jewellery
 g - an uncursed ring of fire
Wands
 l - a wand of digging (16/24)
Scrolls
 i - a scroll of teleportation {unknown}
 j - 2 scrolls of remove curse
 k - 2 scrolls of enchant weapon
 q - a scroll of magic mapping
 s - a scroll of recharging {unknown}
Potions
 e - a potion of resistance
 f - 2 potions of agility {unknown}
 n - 3 potions of curing
 o - 3 potions of lignification {unknown}
 r - 2 potions of brilliance
Books
 c - a book of Maledictions

   Spells                             Type                      Level
   a - Corona                         Hexes                        1
   b - Ensorcelled Hibernation        Hexes/Ice                    2
   c - Confuse                        Hexes                        3
   d - Tukima's Dance                 Hexes                        3
   e - Dazzling Spray                 Conjuration/Hexes            3
Comestibles
 d - 6 bread rations
 h - 7 fruits
 p - a meat ration
 t - a royal jelly


   Skills:
 * Level 3.9 Short Blades
 - Level 1.5 Dodging
 - Level 8.8 Stealth
 - Level 2.1 Spellcasting
 - Level 3.4 Hexes


You had one spell level left.
You knew the following spells:

 Your Spells              Type           Power        Failure   Level  Hunger
a - Corona                Hex            ##.....      4%          1    #......
b - Ensorcelled Hibernat  Hex/Ice        #.....       16%         2    ###....
c - Confuse               Hex            ##......     16%         3    ###....
d - Tukima's Dance        Hex            ##......     16%         3    ###....


Dungeon Overview and Level Annotations

Branches:
Dungeon (5/15)
 Temple: D:4-7

Altars:
Fedhas

Annotations:
D:2 Grinder


Innate Abilities, Weirdness & Mutations

You have extremely sharp teeth.
Your natural rate of healing is unusually fast.
When hurt, damage is shared between your health and your magic reserves.
Your bite disrupts and absorbs the magic of your enemies.
Potions cannot restore your health.
You are immune to rotting.


Message History

Aim: an orc priest (chance to defeat MR: 38%)
The orc priest resists with some effort.
The orc priest looks encouraged for a moment.
Casting: Ensorcelled Hibernation
Confirm with . or Enter, or press ? or * to list all spells.
Aiming: Ensorcelled Hibernation
Press: ? - help, Shift-Dir - straight line, f/p - orc priest
Aim: an orc priest (chance to defeat MR: 38%)
The orc priest resists with some effort.
The orc priest hits you.
You barely miss the orc priest. The orc priest misses you.
The orc priest mumbles some strange prayers to Beogh against you.
Beogh smites you!
* * * LOW HITPOINT WARNING * * *
The orc priest calls down the wrath of Beogh upon you.
Beogh smites you!
* * * LOW HITPOINT WARNING * * *
The orc priest calls down the wrath of Beogh upon you.
Beogh smites you!
You die...

#########
#######.......#
...<....#####.#
#######.#
#.########
#...>#
#.o.o....##
#.##.#
#.###.....##
#.##@#####.#
#...S...
#.##...o.o.#
#..o..## #####
#.#####.####
#S...##
##...###.## #.#
#o#.#.>.
#.....#...# ..#
#.#.#.##
#.....<...#
#### ##.#.#.##
#.....#...#
#.$.....#
##...######
#.#####.# ##.##
#...# #


You could see 2 orc priests.

Vanquished Creatures
  An orc warrior (D:4)
  An ogre (D:4)
  A scorpion (D:4)
  3 orc priests
  An iguana (D:4)
  Ijyb (D:3)
  Natasha (thrice) (D:3)
  A worker ant (D:4)
  2 adders (D:3)
  3 oozes
  An adder zombie (D:3)
  A worm (D:3)
  3 leopard geckos
  4 orcs
  11 giant cockroaches
  8 goblins
  7 hobgoblins
  4 jackals (D:1)
  9 kobolds
  2 quokkas
  12 bats
  A frilled lizard (D:3)
  13 rats
93 creatures vanquished.

Notes
Turn   | Place    | Note
-------+----------+-------------------------------------------
     0 | D:1      | manyhoops the Vine Stalker Enchanter began the quest for the Orb.
     0 | D:1      | Reached XP level 1. HP: 9/9 MP: 4/4
   136 | D:1      | Reached skill level 4 in Stealth
   165 | D:1      | Reached XP level 2. HP: 10/13 MP: 4/6
   697 | D:1      | Learned a level 2 spell: Ensorcelled Hibernation
   927 | D:1      | Reached skill level 5 in Stealth
  1168 | D:1      | Reached XP level 3. HP: 16/16 MP: 7/7
  1721 | D:2      | Gained mutation: Your natural rate of healing is unusually fast. [Vine Stalker growth]
  1721 | D:2      | Reached XP level 4. HP: 16/21 MP: 6/8
  2190 | D:3      | Noticed Grinder
  2300 | D:3      | Noticed Natasha
  2315 | D:3      | Killed Natasha
  2315 | D:3      | Reached skill level 1 in Short Blades
  2315 | D:3      | Reached skill level 6 in Stealth
  2495 | D:3      | Reached XP level 5. HP: 24/24 MP: 7/9
  2524 | D:3      | Noticed Ijyb
  2534 | D:3      | Killed Ijyb
  2576 | D:3      | Reached skill level 7 in Stealth
  2637 | D:3      | Noticed Natasha
  2640 | D:3      | Killed Natasha
  2791 | D:3      | Noticed Natasha
  2801 | D:3      | Killed Natasha
  2801 | D:3      | Reached XP level 6. HP: 22/28 MP: 0/10
  3279 | D:4      | Noticed an orc warrior
  3335 | D:4      | Reached skill level 8 in Stealth
  3352 | D:4      | Found a blossoming altar of Fedhas.
  3587 | D:4      | Reached XP level 7. HP: 32/32 MP: 11/11
  4342 | D:4      | Learned a level 3 spell: Confuse
  4346 | D:4      | Learned a level 3 spell: Tukima's Dance
  4357 | D:5      | Entered Level 5 of the Dungeon
  4426 | D:5      | HP: 1/32 [orc priest/divine providence (8)]
  4427 | D:5      | Killed from afar by an orc priest

Skill      XL: |  1  2  3  4  5  6 |
---------------+-------------------+-----
Stealth        | 4 5 6 7 8 |  8.8
Short Blades   | 1 2 3 |  3.9
Dodging        | |  1.5
Spellcasting   | |  2.1
Hexes          | |  3.4

Action                   |  1- 3 |  4- 6 |  7- 9 || total
-------------------------+-------+-------+-------++-------
Melee: Dagger            |   116 |   113 |    28 ||   257
       Bite              |    24 |    20 |     7 ||    51
 Cast: Corona            |     8 |     1 |       ||     9
       Ensorcelled Hiber |     3 |    22 |     6 ||    31
  Use: Potion            |     1 |     1 |       ||     2
       Scroll            |       |     7 |       ||     7
 Stab: Sleeping          |    11 |    21 |     5 ||    37
       Distracted        |       |     4 |       ||     4
  Eat: Chunk             |     3 |     5 |     3 ||    11
       Royal jelly       |       |     1 |       ||     1
Armor: Robe              |    25 |    24 |     6 ||    55
Dodge: Dodged            |    87 |    67 |    10 ||   164
